 Dungeon Crawl Stone Soup version 0.21-a0-321-g91e3373 (console) character file.

140 nht the Martial Artist (level 5, 0/35 HPs)
             Began as a Gnoll Wanderer on Sept 30, 2017.
             Slain by a gnoll
             ... wielding a +0 spear
              (10 damage)
             ... on level 3 of the Dungeon.
             The game lasted 00:05:12 (2596 turns).

nht the Martial Artist (Gnoll Wanderer)             Turns: 2596, Time: 00:05:13

Health: 0/35       AC:  3    Str: 16    XL:     5   Next: 23%
Magic:  7/7        EV: 15    Int: 12    God:
Gold:   80         SH:  0    Dex: 16    Spells: 5/7 levels left

rFire    . . .     SeeInvis .     - Unarmed
rCold    . . .     Gourm    .   (no shield)
rNeg     . . .     Faith    .   d - +0 robe
rPois    .         Spirit   .   j - +0 helmet
rElec    .         Reflect  .   (no cloak)
rCorr    .         Harm     .   (no gloves)
MR       .....                  (no boots)
Stlth    ++........             (no amulet)
HPRegen  0.11/turn              p - +3 ring of evasion
MPRegen  0.10/turn              (no ring)

@: no status effects
A: distributed training, fangs 1, strong nose
a: no special abilities


You were on level 3 of the Dungeon.
You were not hungry.

You visited 1 branch of the dungeon, and saw 3 of its levels.

You collected 80 gold pieces.

Inventory:

Hand Weapons
 e - a +1 club
 o - a +0 blowgun
Missiles
 h - 93 stones (quivered)
Armour
 d - a +0 robe (worn)
 j - a +0 helmet (worn)
Jewellery
 p - a +3 ring of evasion (left hand)
Scrolls
 g - 4 scrolls of identify {unknown}
 i - 3 scrolls of remove curse {unknown}
 m - a scroll of fear {unknown}
 n - 3 scrolls of amnesia {unknown}
 s - 2 scrolls of enchant armour {unknown}
 u - 2 scrolls of teleportation {unknown}
 w - a scroll of fog {unknown}
Potions
 k - 2 potions of ambrosia
 l - a potion of lignification
 v - 2 potions of curing
Books
 a - a book of Geomancy

   Spells                             Type                      Level
   a - Sandblast                      Earth                        1
   b - Passwall                       Transmutation/Earth          2
   c - Stone Arrow                    Conjuration/Earth            3
   d - Petrify                        Transmutation/Earth          4
   e - Lee's Rapid Deconstruction     Earth                        5
 c - Keget Cexa's Guide on Poison

   Spells                             Type                      Level
   a - Sting                          Conjuration/Poison           1
   b - Ignite Poison                  Fire/Transmutation/Poison    3
Comestibles
 b - a chunk of flesh
 f - a bread ration
 q - a royal jelly
 r - 2 fruits


   Skills:
 + Level 0.0 Fighting
 + Level 0.8 Short Blades
 + Level 0.0 Long Blades
 + Level 0.8 Axes
 + Level 1.3 Maces & Flails
 + Level 2.0 Polearms
 + Level 0.8 Staves
 + Level 1.7 Slings
 + Level 0.8 Bows
 + Level 2.6 Crossbows
 + Level 4.5 Throwing
 + Level 0.8 Armour
 + Level 0.8 Dodging
 + Level 3.1 Stealth
   Level 0.0 Stabbing
 + Level 1.3 Shields
   Level 0.0 Traps
 + Level 8.7 Unarmed Combat
 + Level 1.7 Spellcasting
 + Level 2.3 Conjurations
 + Level 0.8 Hexes
 + Level 0.8 Charms
 + Level 1.3 Summonings
 + Level 1.3 Necromancy
 + Level 0.8 Translocations
 + Level 2.0 Transmutations
 + Level 2.0 Fire Magic
 + Level 1.3 Ice Magic
 + Level 0.0 Air Magic
 + Level 5.0 Earth Magic
 + Level 2.3 Poison Magic
 + Level 0.8 Invocations
 + Level 0.8 Evocations


You had 5 spell levels left.
You knew the following spells:

 Your Spells              Type           Power        Failure   Level  Hunger
a - Sting                 Conj/Pois      #...         11%         1    ##.....
b - Sandblast             Erth           ##....       3%          1    ##.....


Dungeon Overview and Level Annotations

Branches:
Dungeon (3/15)

Altars:
Fedhas


Innate Abilities, Weirdness & Mutations

Your experience applies equally to all skills.
You have very sharp teeth.
Your uncanny sense of smell can sniff out nearby items.


Message History

The gnoll is almost dead.
The gnoll hits you with a spear!
The gnoll hits you from afar with a spear!
There are monsters nearby!
You punch the gnoll!
You kill the gnoll!
Your Ice Magic skill increases to level 1!
The gnoll misses you.
Some of the chunks of flesh in your inventory have rotted away.
A gnoll is nearby!
A bat comes into view.
The gnoll barely misses you. The gnoll hits you with a spear!
* * * LOW HITPOINT WARNING * * *
Found a bread ration.
Things that are here:
a spear; a gnoll corpse You punch the gnoll!
The gnoll is severely wounded.
The gnoll hits you from afar with a spear!
You die... ..█ █.█ ███ ████

█.█ %...
█.█ .....
█.█ .....
█.█ ......
█.█
.....b████
█.█
.....gg..█
█.█ █@█
█.█ █.█
█.█ █.█
█.█ █.█
█.█


████ █.█ █.█ ...█ █.█ █.█ ...█ █.█ █.█ ...█ █.█ █.█ ...█ █.█ █.█ You could see 2
gnolls and a bat.

Vanquished Creatures
  An orc wizard (D:3)
  2 gnolls
  2 adders
  A dart slug (D:2)
  2 leopard geckos (D:2)
  3 orcs (D:3)
  9 bats
  5 giant cockroaches
  10 goblins
  3 hobgoblins
  11 jackals
  7 kobolds
  2 frilled lizards
  6 rats
64 creatures vanquished.

Notes
Turn   | Place    | Note
-------+----------+-------------------------------------------
     0 | D:1      | nht the Gnoll Wanderer began the quest for the Orb.
     0 | D:1      | nht set off with: a book of Geomancy, a potion of curing, Keget Cexa's Guide on Poison, a +0 robe, a +0 club, a bread ration
     0 | D:1      | Reached XP level 1. HP: 13/13 MP: 1/1
     0 | D:1      | Identified Keget Cexa's Guide on Poison
    17 | D:1      | Reached skill level 1 in Polearms
    33 | D:1      | Reached skill level 1 in Crossbows
    33 | D:1      | Reached skill level 1 in Fire Magic
    33 | D:1      | Reached XP level 2. HP: 10/19 MP: 2/2
   178 | D:1      | Learned a level 1 spell: Sting
   404 | D:2      | Reached skill level 1 in Necromancy
   404 | D:2      | Reached XP level 3. HP: 13/24 MP: 0/3
   551 | D:1      | Learned a level 1 spell: Sandblast
   684 | D:1      | Reached skill level 1 in Slings
   684 | D:1      | Reached skill level 1 in Conjurations
   684 | D:1      | Reached skill level 1 in Transmutations
  1037 | D:1      | Reached skill level 1 in Spellcasting
  1504 | D:2      | Reached XP level 4. HP: 30/30 MP: 3/5
  1623 | D:2      | Reached skill level 1 in Summonings
  2330 | D:3      | Found a blossoming altar of Fedhas.
  2340 | D:3      | Reached skill level 1 in Maces & Flails
  2340 | D:3      | Reached skill level 5 in Earth Magic
  2340 | D:3      | Reached XP level 5. HP: 35/35 MP: 7/7
  2380 | D:3      | Reached skill level 1 in Shields
  2594 | D:3      | Reached skill level 1 in Ice Magic
  2596 | D:3      | Slain by a gnoll

Vault maps used:
D:1:      dpeg_arrival_stonehenge_12_columns, serial_bayou_pond_d
D:3:      first_bread, fedhas_altar_3

Skill      XL: |  1  2  3  4  5 |
---------------+----------------+-----
Polearms       | 1 2 |  2.0
Crossbows      | 1 2 |  2.6
Fire Magic     | 1 2 |  2.0
Necromancy     | 1 |  1.3
Slings         | 1 |  1.7
Conjurations   | 1 2 |  2.3
Transmutations | 1 2 |  2.0
Spellcasting   | 1 |  1.7
Summonings     | 1 |  1.3
Maces & Flails | 1 |  1.3
Stealth        | 3 |  3.1
Earth Magic    | 5 |  5.0
Shields        | 1 |  1.3
Ice Magic      | 1 |  1.3
Short Blades   | |  0.8
Axes           | |  0.8
Staves         | |  0.8
Bows           | |  0.8
Throwing       | |  4.5
Armour         | |  0.8
Dodging        | |  0.8
Unarmed Combat | |  8.7
Hexes          | |  0.8
Charms         | |  0.8
Translocations | |  0.8
Poison Magic   | |  2.3
Invocations    | |  0.8
Evocations     | |  0.8

Action                   |  1- 3 |  4- 6 || total
-------------------------+-------+-------++-------
Melee: Unarmed           |    58 |    61 ||   119
       Bite              |     9 |     4 ||    13
       Punch             |       |     2 ||     2
 Cast: Sting             |    39 |       ||    39
       Sandblast         |     3 |    14 ||    17
  Use: Potion            |     2 |     5 ||     7
       Scroll            |       |     1 ||     1
 Stab: Sleeping          |     1 |       ||     1
  Eat: Chunk             |     4 |     4 ||     8
Armor: Robe              |    18 |    16 ||    34
Dodge: Dodged            |    34 |    62 ||    96

Table legend:
 A = Spawn XP
 B = Non-spawn XP
 C = Spawn XP percentage of total XP
 D = Spawn monster count
 E = Non-spawn monster count
 F = Spawn count percentage of total count
 G = Total turns spent on level
                    A         B        C        D         E        F      G
               +---------+---------+-------+---------+---------+-------+---------
         Total |       0 |     201 |   0.0 |       0 |      64 |   0.0 |  2596
               +---------+---------+-------+---------+---------+-------+---------
           D:1 |       0 |      58 |   0.0 |       0 |      28 |   0.0 |  1099
           D:2 |       0 |      45 |   0.0 |       0 |      17 |   0.0 |   803
           D:3 |       0 |      98 |   0.0 |       0 |      19 |   0.0 |   694
               +---------+---------+-------+---------+---------+-------+---------
